 Dungeon Crawl Stone Soup version 0.24.0-13-gcf9b319 (webtiles) character file.

Game seed: 9412398044689745767, levelgen mode: deterministic

129 Fang the Skirmisher (level 5, -1/49 HPs)
             Began as a Gargoyle Berserker on Dec 9, 2019.
             Was a Believer of Trog.
             Slain by an ice beast (11 damage)
             ... on level 3 of the Dungeon.
             The game lasted 00:02:03 (2352 turns).

Fang the Skirmisher (Gargoyle Berserker)            Turns: 2352, Time: 00:02:04

Health: -1/49      AC:  6    Str: 26    XL:     5   Next: 12%
Magic:  5/5        EV: 12    Int:  8    God:    Trog [**....]
Gold:   130        SH:  0    Dex:  9    Spells: 4/4 levels left

rFire    + . .     SeeInvis .   a - +0 hand axe
rCold    . . .     Gourm    .   (no shield)
rNeg     + . .     Faith    .   b - +0 animal skin
rPois    ∞         Spirit   .   (no helmet)
rElec    +         Reflect  .   (no cloak)
rCorr    .         Harm     .   (no gloves)
MR       .....                  (no boots)
Stlth    ..........             f - amulet of the acrobat
HPRegen  0.16/turn              k - ring of protection from fire
MPRegen  0.09/turn              (no ring)

@: berserking, very quick
A: negative energy resistance 1, electricity resistance, unbreathing,
petrification resistance, rot immunity, AC +4
a: Berserk, Trog's Hand, Renounce Religion


You were on level 3 of the Dungeon.
You worshipped Trog.
Trog was pleased with you.
You were very hungry.

You visited 1 branch of the dungeon, and saw 3 of its levels.

You collected 130 gold pieces.

Inventory:

Hand Weapons
 a - a +0 hand axe (weapon)
Armour
 b - a +0 animal skin (worn)
Jewellery
 f - an amulet of the acrobat (around neck)
 k - a ring of protection from fire (left hand)
Scrolls
 d - 6 scrolls of teleportation {unknown}
 e - 5 scrolls of identify {unknown}
 g - 2 scrolls of fear {unknown}
 h - 2 scrolls of remove curse {unknown}
 l - 2 scrolls of random uselessness {unknown}
 q - a scroll of immolation {unknown}
 r - 3 scrolls of fog {unknown}
 s - a scroll of blinking {unknown}
 u - a scroll of amnesia {unknown}
 v - a scroll of enchant armour {unknown}
Potions
 i - 3 potions of agility {unknown}
 j - a potion of ambrosia {unknown}
 m - a potion of mutation {unknown}
 n - 3 potions of curing {unknown}
 o - a potion of degeneration {unknown}
 p - a potion of haste {unknown}
Comestibles
 c - 8 rations
 t - a chunk of flesh


   Skills:
 + Level 4.2 Fighting
 + Level 3.4 Axes
 + Level 3.3 Armour
 + Level 2.4 Dodging


You had 4 spell levels left.
You didn't know any spells.
Your spell library was empty.

Dungeon Overview and Level Annotations

Branches:
Dungeon (3/15)

Altars:
Vehumet


Innate Abilities, Weirdness & Mutations

You are resistant to torment.
Your stone body is resilient. (AC +4)
You are immune to poison.
You resist negative energy. (rN+)
You are resistant to electric shocks. (rElec)
You can survive without breathing.
You are immune to petrification.
You are immune to rotting.


Message History

You are too injured to fight recklessly!
You are too injured to fight recklessly!
A red film seems to cover your vision as you go berserk!
You feel yourself moving faster!
You feel mighty!
You are feeling very hungry.
The ice beast misses you.
You slash the ice beast!
The ice beast is moderately wounded.
The ice beast hits you but does no damage.
You hit the ice beast.
The ice beast is heavily wounded.
The ice beast barely misses you.
You barely miss the ice beast.
The ice beast is heavily wounded.
You barely miss the ice beast.
The ice beast is heavily wounded.
The ice beast hits you.
* * * LOW HITPOINT WARNING * * *
The ice beast freezes you!
You die...

### ..# # #.# #.
#.# ###
###.####.# ...
.....##Y# ###
#.#.##@# #......#
###.#### #.# ##.#
##..## #.#..#
##+# ##..##
##...#######.####


You could see an ice beast.

Vanquished Creatures
  A scorpion (D:3)
  3 adders (D:2)
  2 oozes
  2 dart slugs
  2 leopard geckos
  An orc (D:3)
  10 goblins
  3 hobgoblins
  3 kobolds
  A quokka (D:3)
  A ball python (D:1)
  6 bats
  4 frilled lizards
  6 rats
45 creatures vanquished.

Notes
Turn   | Place    | Note
-------+----------+-------------------------------------------
     0 | D:1      | Fang the Gargoyle Berserker began the quest for the Orb.
     0 | D:1      | Reached XP level 1. HP: 14/14 MP: 1/1
   231 | D:1      | Reached XP level 2. HP: 16/19 MP: 2/2
   634 | D:2      | Reached XP level 3. HP: 16/24 MP: 3/3
  1098 | D:2      | Reached ** piety under Trog
  1108 | D:2      | Reached XP level 4. HP: 17/29 MP: 4/4
  1330 | D:2      | Found a radiant altar of Vehumet.
  1560 | D:3      | Reached skill level 4 in Fighting
  1771 | D:3      | Reached XP level 5. HP: 22/33 MP: 5/5
  2343 | D:3      | Noticed an ice beast
  2352 | D:3      | Slain by an ice beast

Levels and vault maps discovered:
D:1:      evilmike_arrival_hilbert_curve, layout_basic, chequers_avenue,
          dk_noncrumbling_3
D:2:      layout_basic, marbit_many_paths, first_ration
D:3:      layout_loops_corners

Skill      XL: |  1  2  3  4 |
---------------+-------------+-----
Axes           | 3 |  3.4
Dodging        | 2 |  2.4
Armour         | 3 |  3.3
Fighting       | 4 |  4.2

Action                   |  1- 3 |  4- 6 || total
-------------------------+-------+-------++-------
Melee: Hand axe          |   101 |    60 ||   161
Invok: Berserk           |     1 |     2 ||     3
  Eat: Chunk             |     2 |     4 ||     6
Armor: Animal skin       |    33 |    20 ||    53
Dodge: Dodged            |    72 |    33 ||   105
